[Event "Early-Titled-Tuesday-Blitz-October-17-2023"]
[Site "Chess.com"]
[Date "2023.10.17"]
[Round "5"]
[White "jasonbolivar"]
[Black "NowInChess"]
[Result "1/2-1/2"]
[WhiteElo "2315"]
[BlackElo "2202"]
[TimeControl "180+1"]
[EndTime "8:58:32 PDT"]
[Termination "Game drawn by repetition"]

1. e4 e6 2. d4 d5 3. Nc3 Nc6 4. Nf3 Nf6 5. Bg5 Be7 6. e5 Ne4 7. Be3 f6 8. exf6 Bxf6 9. Bd3 Nxc3 10. bxc3 O-O 11. O-O Bd7 12. Rb1 b6 13. Bb5 Na5 14.
Bd3 Nc4 15. Bxc4 dxc4 16. Nd2 b5 17. Ne4 Bc6 18. Qg4 Qd5 19. f3 Qf5 20. Qxf5 exf5 21. Nxf6+ Rxf6 22. Bf4 Rf7 23. Rfe1 Re8 24. Rxe8+ Bxe8 25. Re1 Kf8 26. Re5 a6 27. Rc5 c6 28. Bd6+ Kg8 29.
Re5 Bd7 30. Kf2 h6 31. h4 g6 32. g3 Rf6 33. Bc7 Re6 34. Rxe6 Bxe6 35. Bf4 Kg7 36. Ke3 Bd5 37. Be5+ Kf7 38. Kf4 Ke6 39. Bg7 h5 40.
Be5 a5 41. Bc7 a4 42. Ba5 Kf6 43. Bb4 Ke6 44. Bc5 Kf6 45. Bb6 Be6 46. Bd8+ Kf7 47.
Ke5 Bd5 48. Kf4 Be6 49. Bc7 Bd5 50. Bb6 Ke6 51. Bc5 Kf7 52. Bb6 Ke6 53. Bd8 Kf7 54. Bg5 Ke6 55. Bh6 Kf7 56. Ke3 Ke6 57. Bf4 Kf7 58. Be5 Ke6 59. Kf4 Kf7 60. Bd6 Ke6 61. Bc5 1/2-1/2

[Event "Early-Titled-Tuesday-Blitz-October-17-2023"]
[Site "Chess.com"]
[Date "2023.10.17"]
[Round "5"]
[White "Goryachkina"]
[Black "Aslanov_Umid"]
[Result "0-1"]
[WhiteElo "2641"]
[BlackElo "2517"]
[TimeControl "180+1"]
[EndTime "8:58:35 PDT"]
[Termination "Aslanov_Umid won on time"]

1. e4 c5 2. Nf3 d6 3. d4 cxd4 4. Nxd4 Nf6 5. Nc3 a6 6. Be3 e5 7.
Nf3 Be7 8. Bc4 O-O 9. Bb3 Be6 10.
O-O h6 11. h3 Nc6 12. Qe2 b5 13. Rfd1 Qc7 14. a4 b4 15. Nd5 Bxd5 16. Bxd5 Nxd5 17. Rxd5 a5 18. Rad1 Rfd8 19. Qd3 Rab8 20. Nd2 b3 21. c3 Na7 22. Nc4 Nc8 23. Rxa5 Bg5 24. Bxg5 hxg5 25. Rxe5 Nb6 26. Nxb6 dxe5 27. Nd5 Qc5 28.
Qg3 f6 29. h4 gxh4 30. Qxh4 Qf8 31. Rd3 g5 32. Qh5 Qg7 33. Rf3 Rd6 34. c4 Rc8 35. Rc3 Ra6 36. g3 Rb8 37. c5 Rxa4 38. c6 Rxe4 39.
c7 Rc8 40. Qf3 Re1+ 41. Kg2 Kf7 42. Qh5+ Ke6 43. Nb6 Rxc7 44. Qg4+ Kd6 45. Qb4+ Ke6 46. Qxb3+ Kf5 47. Qc2+ e4 48. Rxc7 Qh6 49. g4+ Kg6 0-1

[Event "Early-Titled-Tuesday-Blitz-October-17-2023"]
[Site "Chess.com"]
[Date "2023.10.17"]
[Round "5"]
[White "Rosh1610"]
[Black "GlavkonVVS"]
[Result "0-1"]
[WhiteElo "2442"]
[BlackElo "2579"]
[TimeControl "180+1"]
[EndTime "8:58:38 PDT"]
[Termination "GlavkonVVS won by resignation"]

1. e4 Nf6 2. e5 Nd5 3. d4 d6 4. c4 Nb6 5. exd6 cxd6 6. Nc3 g6 7. Nf3 Bg4 8. Bd3 Bg7 9. Be3 Nc6 10. h3 Bxf3 11. Qxf3 O-O 12. O-O Nxd4 13. Qxb7 Ne6 14. Qf3 Nc5 15. Be2 Rc8 16. Rac1 e6 17. b3 Qe7 18. Nb5 a6 19. Nc3 Rfd8 20. Rfd1 Nbd7 21.
b4 Ne5 22. Qg3 Ncd7 23. Na4 Nf6 24. f3 Nh5 25. Qf2 d5 26. Bc5 Qe8 27. Nb6 Rb8 28. cxd5 Nf4 29. Bxa6 exd5 30. Be3 d4 31. Bxf4 Rxb6 32.
Bf1 Rxb4 33. Re1 d3 34. Bxe5 Bxe5 35. Rcd1 Bd4 36. Rxe8+ Rxe8 37. Qxd4 Rxd4 38. Rxd3 Rxd3 39. Bxd3 Re1+ 40. Bf1 Ra1 41. Kf2 Rxa2+ 42. Be2 Kg7 43. Ke3 g5 44. g4 Kf6 45. Bf1 Ra3+ 46. Kf2 Ke5 47. Kg3 h6 48. Bc4 f6 49. Bb5 Kd4 50. Bd7 Ke3 51. Bf5 Ra1 52. Be4 Rg1+ 53. Kh2 Kf2 54.
Bd5 Rg3 55. Be4 Rxf3 56. Bd5 Rd3 57. Be4 Rd2 58. Bf5 Ke3+ 59. Kg3 Rf2 60. Be6 Rf3+ 61. Kg2 Rf4 62. Bf5 h5 63. Be6 h4 64. Bd7 Rf2+ 65. Kg1 Kf3 66. Bc6+ Kg3 0-1

[Event "Early-Titled-Tuesday-Blitz-October-17-2023"]
[Site "Chess.com"]
[Date "2023.10.17"]
[Round "5"]
[White "HalfIsCrayfish"]
[Black "WiktoriaPOL"]
[Result "0-1"]
[WhiteElo "2539"]
[BlackElo "2298"]
[TimeControl "180+1"]
[EndTime "8:58:39 PDT"]
[Termination "WiktoriaPOL won by resignation"]

1. d4 Nf6 2. c4 g6 3. Nf3 Bg7 4.
Nc3 O-O 5. e4 d6 6. Be2 e5 7.
Be3 Nc6 8. O-O exd4 9. Nxd4 Bd7 10. f3 Re8 11. Bf2 a6 12. Qd2 Rb8 13. Rad1 Nxd4 14.
Bxd4 b5 15. cxb5 axb5 16. Nd5 Nxd5 17. Bxg7 Kxg7 18. Qxd5 Be6 19. Qd4+ Qf6 20. Qxf6+ Kxf6 21. Rc1 c5 22. Rfd1 Ke7 23. e5 Red8 24. exd6+ Rxd6 25. Rxc5 Rxd1+ 26. Bxd1 Bxa2 27. Kf2 Kd6 28. b4 Bc4 29. Be2 Bxe2 30. Kxe2 Re8+ 31. Kd3 Re5 32. Rc8 Re1 33.
Rb8 Kc6 34. Rf8 Re7 35. h3 h5 36. Rc8+ Kb6 37. Rc5 Rd7+ 38. Ke4 Rd2 39. g4 hxg4 40.
hxg4 Rb2 41. Rc8 Rxb4+ 42. Ke3 Rb3+ 43. Ke2 Ra3 44. Rf8 Ra7 45. Kd3 Rc7 46. f4 Kc5 47. f5 gxf5 48. gxf5 Kb4 49. Re8 Kb3 50. f6 Rc6 51.
Rb8 b4 52. Re8 Rxf6 53. Re7 Rd6+ 54. Ke3 Re6+ 55. Rxe6 fxe6 56. Ke4 Kc2 57. Ke5 b3 58. Kxe6 b2 0-1

[Event "Early-Titled-Tuesday-Blitz-October-17-2023"]
[Site "Chess.com"]
[Date "2023.10.17"]
[Round "5"]
[White "faraone99"]
[Black "AlivodicDario"]
[Result "0-1"]
[WhiteElo "2526"]
[BlackElo "2449"]
[TimeControl "180+1"]
[EndTime "8:58:40 PDT"]
[Termination "AlivodicDario won by resignation"]

1. e4 e6 2. d4 d5 3. Nc3 Bb4 4. e5 Qd7 5. Qg4 f5 6. Qg3 b6 7. a3 Bxc3+ 8. bxc3 Qf7 9. Ne2 Ne7 10. h4 Ba6 11. h5 h6 12. a4 Nbc6 13. Ba3 O-O 14. Nf4 Bxf1 15. Kxf1 Rfe8 16. Qd3 Na5 17. Rh3 Nc4 18.
Rg3 Rac8 19. Bc1 c5 20. Qe2 cxd4 21. cxd4 Rc6 22. Ng6 Kh7 23. Nxe7 Qxe7 24. Rg6 Qh4 25. Qf3 Qxd4 26. c3 Nd2+ 27. Bxd2 Qxd2 28. Qg3 Re7 29. f4 Rxc3 30. Rxh6+ Kg8 31. Qg5 Rec7 32. Kg1 Qe3+ 33. Kh2 Qg3+ 34. Qxg3 Rxg3 35. Kxg3 gxh6 36. a5 b5 37. a6 b4 38. Ra5 Rc3+ 39. Kh2 b3 40.
Rb5 Kf7 41. Rb7+ Ke8 42. Rxa7 Kd8 43. Rb7 Kc8 44. Rb4 Rc6 45. Rxb3 Rxa6 46. Rg3 d4 47. Rg6 d3 48. Rg3 d2 49. Rd3 Ra2 50. Kg3 Kc7 51. Kf3 Kc6 52. Ke3 Kc5 53. Ke2 d1=Q+ 54. Kxd1 Rxg2 55. Rd6 Rg4 56. Rxe6 Rxf4 57. Rxh6 Re4 58. e6 Kd6 59. Rg6 Rxe6 60. Rg5 Ke5 61. Ke2 Kf4+ 0-1

[Event "Early-Titled-Tuesday-Blitz-October-17-2023"]
[Site "Chess.com"]
[Date "2023.10.17"]
[Round "5"]
[White "Hovik_Hayrapetyan"]
[Black "JimDiGrease"]
[Result "1/2-1/2"]
[WhiteElo "2801"]
[BlackElo "2896"]
[TimeControl "180+1"]
[EndTime "8:58:42 PDT"]
[Termination "Game drawn by repetition"]

1. d4 d5 2. c4 e6 3. Nc3 c6 4. e3 Nf6 5. Nf3 Nbd7 6. Bd3 dxc4 7. Bxc4 b5 8. Bd3 Bb7 9. e4 b4 10. Na4 c5 11. e5 Nd5 12. O-O h6 13. Re1 Rc8 14. Qe2 Qa5 15. b3 Bc6 16. a3 cxd4 17. Nxd4 Bxa4 18. bxa4 Nc3 19. Qh5 Qb6 20. Be3 Bc5 21.
a5 Qxa5 22. Nxe6 Bxe3 23. Rxe3 b3 24. Rae1 b2 25. Nxg7+ Kf8 26. Ne6+ fxe6 27. Rf3+ Ke7 28. Qh4+ Nf6 29. Qxf6+ Kd7 30. Qf7+ Kc6 31. Qxe6+ Kb7 32. Rf7+ Ka8 33. h4 Rhe8 34. Qf6 Qb6 35. Qf3+ Kb8 36.
Kh2 Na2 37. Be4 Nc1 38. Bf5 Rc7 39. Rxc7 Qxc7 40. g3 Rxe5 41. Rxe5 Qxe5 42. Bg6 Qd4 43. Qf8+ Kc7 44. Qf7+ Kb6 45. h5 Ka5 46. Kg2 Ka4 47. Qb7 Kxa3 48. Bf7 Qc3 49. Qxa7+ Kb4 50. Qb6+ Ka4 51.
Be8+ Ka3 52. Bf7 Qb4 53. Qa6+ Qa4 54. Qd6+ Qb4 55. Qa6+ Qa4 56. Qd6+ Qb4 57. Qa6+ 1/2-1/2

[Event "Early-Titled-Tuesday-Blitz-October-17-2023"]
[Site "Chess.com"]
[Date "2023.10.17"]
[Round "5"]
[White "MdSharifHossain"]
[Black "PowerThinking2650"]
[Result "0-1"]
[WhiteElo "2207"]
[BlackElo "2523"]
[TimeControl "180+1"]
[EndTime "8:58:42 PDT"]
[Termination "PowerThinking2650 won by resignation"]

1. e4 e5 2. Nf3 Nc6 3. Bb5 a6 4. Ba4 Nf6 5. O-O Be7 6. Re1 b5 7. Bb3 d6 8. c3 O-O 9. h3 Bb7 10. d3 Na5 11. Bc2 c5 12. Nbd2 Re8 13. Nf1 Bf8 14. Ng3 h6 15. Nf5 d5 16. Qe2 d4 17. a4 dxc3 18. bxc3 b4 19. Bb2 g6 20. Ne3 Bg7 21. cxb4 cxb4 22. Bxe5 Rxe5 23. Nxe5 Nh5 24. N3c4 Nxc4 25. Nxc4 Bxa1 26. Rxa1 a5 27. Bb3 Qd4 28. Rf1 Qc3 29. Rb1 Nf4 30. Qf3 Qxd3 31. Qxd3 Nxd3 32.
Nd6 Ra7 33. Bxf7+ Kg7 34. Bc4 Nc5 35. f3 Nxa4 36. Ra1 Nb6 37. Bb3 Bc6 38. Rc1 Bd7 39. Rb1 a4 40. Bd1 b3 41. Kf2 Be6 42. Nb5 Ra5 43. Nd4 Bf7 44. Ke3 Nc4+ 45. Kd3 Na3 46. Rb2 Nc4 47. Rb1 b2 48. Kc3 a3 49. Bb3 a2 50. Bxa2 Rxa2 51. Nb5 Ra1 52. Kc2 Ne3+ 53. Kxb2 Rxb1+ 54. Kxb1 Nxg2 55. Kc2 Nf4 56. h4 Ng2 57. h5 g5 58. Kd3 Bxh5 59. Nd4 Nh4 60. Ke3 Kf6 61. Kf2 Nxf3 62. Nxf3 Bxf3 63. Kxf3 h5 64.
Ke3 Ke5 65. Kf3 g4+ 66. Ke3 h4 67. Kf2 Kxe4 0-1

[Event "Early-Titled-Tuesday-Blitz-October-17-2023"]
[Site "Chess.com"]
[Date "2023.10.17"]
[Round "5"]
[White "GP9isback23"]
[Black "tusplingher"]
[Result "1-0"]
[WhiteElo "2671"]
[BlackElo "2513"]
[TimeControl "180+1"]
[EndTime "8:58:44 PDT"]
[Termination "GP9isback23 won by checkmate"]

1. d4 Nf6 2. Nf3 e6 3. c4 Bb4+ 4. Bd2 a5 5. e3 O-O 6. Be2 b6 7. O-O Bb7 8. b3 Qe7 9. a3 Bxd2 10. Nbxd2 d5 11. Qc2 c5 12. dxc5 Qxc5 13. Rfc1 Nbd7 14.
Qb2 Qe7 15. Nd4 Rfc8 16. Rc2 e5 17. Nb5 Nc5 18. Nf3 dxc4 19. Rxc4 Bd5 20. Rh4 Nxb3 21.
Rd1 Qc5 22. Qxe5 Bxf3 23. Qxc5 Rxc5 24. gxf3 Rac8 25. Nd4 Nxd4 26. Rhxd4 Kf8 27. a4 Ke7 28. Bb5 Rc1 29. Kg2 Rxd1 30. Rxd1 Rd8 31. Rc1 Rd6 32. Rc7+ Kf8 33. Bc4 Nd7 34. Bb5 Nf6 35. Rb7 Nd5 36. Bc4 Ne7 37. Rb8+ Nc8 38. Rxc8+ Ke7 39. Rc7+ Kd8 40.
Rxf7 Rg6+ 41. Kf1 Rc6 42. Bb5 Rc1+ 43. Kg2 g6 44. Rxh7 g5 45. Rg7 Rc5 46. h3 Re5 47. Kg3 Rc5 48. f4 gxf4+ 49. Kxf4 Kc8 50. f3 Kd8 51. e4 Kc8 52. h4 Rc7 53. Rxc7+ Kxc7 54. h5 Kd6 55. h6 Ke7 56. h7 Kd6 57. h8=Q Kc5 58.
Qe5+ Kb4 59. Qd4+ Kb3 60. Qc4+ Ka3 61. Ke3 Kb2 62. Kd2 Ka3 63. Qc3+ Ka2 64. Bc4+ Kb1 65.
Qb3+ Ka1 66. Qa2# 1-0

[Event "Early-Titled-Tuesday-Blitz-October-17-2023"]
[Site "Chess.com"]
[Date "2023.10.17"]
[Round "5"]
[White "MightyGMpretender"]
[Black "Tobias_Koelle"]
[Result "1/2-1/2"]
[WhiteElo "2836"]
[BlackElo "2961"]
[TimeControl "180+1"]
[EndTime "8:58:46 PDT"]
[Termination "Game drawn by repetition"]

1. Nf3 d5 2. e3 Nf6 3. c4 e6 4.
b3 b6 5. Bb2 Bb7 6. cxd5 exd5 7.
g3 Nbd7 8. Bg2 Bd6 9. O-O O-O 10. Nc3 a6 11. Ne2 Re8 12. Rc1 Ne5 13. Nxe5 Bxe5 14.
Bxe5 Rxe5 15. d4 Re7 16. Nf4 Qd6 17. Nd3 a5 18. Re1 a4 19. b4 a3 20. Qb3 g6 21. Rc2 Ne4 22. Rec1 Kg7 23. Ne5 f6 24. Nc6 Rd7 25. b5 Bxc6 26. Rxc6 Qe7 27. Qc2 Ra7 28.
Bxe4 dxe4 29. Qc4 h5 30. Re6 Qf7 31. d5 f5 32. Qd4+ Kh7 33. Rcc6 Ra8 34. Qe5 Rad8 35.
Qf4 Rxd5 36. Rxc7 R8d7 37. Rxd7 Rxd7 38. Qe5 Qg7 39. Rf6 Rf7 40. Rxf7 Qxf7 41. Qd6 Qxa2 42.
Qxb6 Qb2 43. Qc7+ Kh6 44. Qf4+ Kh7 45. Qc7+ Qg7 46. Qa5 Qa1+ 47. Kg2 a2 48. b6 Qb2 49. b7 a1=Q 50. Qxa1 Qxa1 51. b8=Q Qf6 52. Qc7+ Kh6 53. h4 g5 54. hxg5+ Kxg5 55. Qf4+ Kg6 56. Qb8 Qe6 57. Qf4 Qd5 58. Qb8 Qd1 59. Qg8+ Kf6 60. Qh8+ Kg6 61. Qg8+ Kh6 62. Qf8+ Kg6 63. Qe8+ Kf6 64. Qh8+ Kg6 65. Qg8+ 1/2-1/2

[Event "Early-Titled-Tuesday-Blitz-October-17-2023"]
[Site "Chess.com"]
[Date "2023.10.17"]
[Round "5"]
[White "vladgoncharov"]
[Black "Sychev_Klementy"]
[Result "1/2-1/2"]
[WhiteElo "2572"]
[BlackElo "2844"]
[TimeControl "180+1"]
[EndTime "8:58:49 PDT"]
[Termination "Game drawn by repetition"]

1. d4 Nf6 2. c4 g6 3. Nc3 Bg7 4. Nf3 O-O 5. Bg5 h6 6. Bh4 c5 7. e3 cxd4 8. Nxd4 Nc6 9. Be2 d6 10. O-O Bd7 11. Rc1 Rc8 12. Qd2 a6 13. Rfd1 Re8 14.
b3 Qa5 15. f3 Nxd4 16. exd4 b5 17. Bxf6 Bxf6 18. Nd5 Qxd2 19. Nxf6+ exf6 20. Rxd2 bxc4 21. Rxc4 a5 22. Kf2 Kf8 23. Rdc2 Rxc4 24. Bxc4 Rb8 25. Ke3 a4 26. Kd2 Bf5 27. Rc3 axb3 28. Bxb3 Bd7 29. Rc7 Be8 30. Kc3 Ra8 31. Bd5 Ra5 32. Bb3 h5 33.
Kb4 Rb5+ 34. Kc3 h4 35. h3 Rg5 36. Rc8 Ke7 37. a4 Rxg2 38. a5 Rg1 39. a6 Ra1 40.
Bc4 d5 41. Kb2 Ra5 42. Bd3 Bd7 43. Rc5 Ra4 44. Kc3 Bxh3 45. Rc7+ Kd6 46. Rxf7 Be6 47. Rxf6 h3 48. Rxg6 Ke7 49. Rh6 Ra3+ 50. Kb4 Ra1 51. a7 Rxa7 52. Rh7+ Bf7 53. Rxh3 Rb7+ 54. Kc5 Rc7+ 55.
Kb4 Rb7+ 56. Kc3 Rc7+ 57. Kd2 Kf6 58. Rh6+ Kg5 59. Rd6 Re7 60. Be2 Kf4 61. Rf6+ Kg3 62. Rh6 Kf2 63. Rh2+ Kg3 64. Rh6 Kf2 65. Rh2+ Kg3 66.
Rh6 1/2-1/2

[Event "Early-Titled-Tuesday-Blitz-October-17-2023"]
[Site "Chess.com"]
[Date "2023.10.17"]
[Round "5"]
[White "SAInt_666"]
[Black "bescmelasti"]
[Result "1/2-1/2"]
[WhiteElo "2768"]
[BlackElo "2625"]
[TimeControl "180+1"]
[EndTime "8:58:52 PDT"]
[Termination "Game drawn by repetition"]

1. e4 c5 2. Nf3 e6 3. c3 d5 4. e5 Nc6 5. d4 Bd7 6. Be2 f6 7. O-O fxe5 8. Nxe5 Nxe5 9. dxe5 Qc7 10. Re1 O-O-O 11. c4 Qxe5 12. cxd5 exd5 13. Bf3 Qf5 14. Nc3 Nf6 15. Bd2 Bd6 16. Rc1 Kb8 17. h3 Bc6 18. b4 cxb4 19. Ne2 Qd7 20. Qb3 a5 21. Nd4 Ba4 22. Qb1 Rhe8 23. Rxe8 Rxe8 24. a3 Ne4 25. Be1 Bf4 26. axb4 Bxc1 27. Qxc1 axb4 28.
Bxb4 Rc8 29. Qa3 Rc4 30. Ne2 Qb5 31. Bd6+ Ka7 32. Bf4 Qb3 33. Qf8 Bc6 34. Qb8+ Ka6 35. Qa8+ Kb5 36. Be3 Qb1+ 37. Kh2 Nc3 38. Nd4+ Rxd4 39.
Bxd4 Qc1 40. Qa7 Qf4+ 41. g3 Qxf3 42. Qc5+ Ka4 43. Bxc3 Kb3 44. Qb4+ Kc2 45. Qb2+ Kd3 46. Bd4 Qe2 47. Qc3+ Ke4 48. Be3 d4 49. Qxd4+ Kf5 50. Qf4+ Ke6 51. Qg4+ Qxg4 52. hxg4 g6 53. g5 Kf5 54. f4 Kg4 55. Bb6 Kf3 56. Kh3 Bd7+ 57. Kh4 Bg4 58. Bc5 b5 59. Bb4 Bf5 60. Bc5 Be6 61. Bd6 Bf5 62. Bc5 Bg4 63. Bd6 Bf5 64. Bc5 1/2-1/2

[Event "Early-Titled-Tuesday-Blitz-October-17-2023"]
[Site "Chess.com"]
[Date "2023.10.17"]
[Round "5"]
[White "djokovic74"]
[Black "balachess2006"]
[Result "0-1"]
[WhiteElo "2728"]
[BlackElo "2622"]
[TimeControl "180+1"]
[EndTime "8:58:53 PDT"]
[Termination "balachess2006 won by resignation"]

1. e4 c5 2. Nf3 Nc6 3. d4 cxd4 4. Nxd4 Nf6 5. Nc3 d6 6. Be2 g6 7. O-O Bg7 8. Re1 Nxd4 9. Qxd4 O-O 10. Qd3 Be6 11.
Be3 Qa5 12. Bd4 Rfc8 13. f3 Qb4 14. a3 Qa5 15. Qe3 Bc4 16. Bxc4 Rxc4 17. e5 Nd7 18. f4 dxe5 19. fxe5 Nf8 20. Rad1 Ne6 21. Ne2 Rxc2 22. Bc3 Qb5 23. Qe4 Qb3 24. Nc1 Qb6+ 25. Kh1 Rf2 26. Nd3 Rf5 27. g4 Ng5 28. Qe3 Qxe3 29. Rxe3 Rf3 30. Rxf3 Nxf3 31. Kg2 Ng5 32. h4 Ne6 33.
Nb4 Rd8 34. Rxd8+ Nxd8 35. Nd5 Nc6 36. Kf3 e6 37. Nf6+ Bxf6 38. exf6 h6 39. Ke4 b5 40. b3 a6 41. Bd2 Kh7 42. Be3 h5 43. g5 Kg8 44.
Bc5 Na5 45. b4 Nc4 46. Be7 Nxa3 47. Kd4 Nc4 48. Kc5 e5 49. Kc6 e4 50. Kb7 e3 51. Bc5 e2 52. Bf2 a5 53. bxa5 Nxa5+ 54. Kb6 Nc4+ 55. Kxb5 Nb2 56. Kc5 Nd3+ 57. Kd4 e1=Q 58.
Bxe1 Nxe1 59. Ke3 Ng2+ 60. Kf3 Nxh4+ 61. Kg3 Nf5+ 62. Kf4 Kf8 63. Ke5 Ke8 64. Kd5 Kd7 0-1

[Event "Early-Titled-Tuesday-Blitz-October-17-2023"]
[Site "Chess.com"]
[Date "2023.10.17"]
[Round "5"]
[White "Anton_Demchenko"]
[Black "Fonsofan"]
[Result "1-0"]
[WhiteElo "3019"]
[BlackElo "2675"]
[TimeControl "180+1"]
[EndTime "8:58:57 PDT"]
[Termination "Anton_Demchenko won by resignation"]

1. e4 d6 2. d4 Nf6 3. Bd3 e5 4. c3 d5 5. dxe5 Nxe4 6. Nf3 Nc6 7. Nbd2 Nc5 8. Bc2 Bg4 9. h3 Bh5 10. O-O Be7 11. Re1 O-O 12. Nf1 Ne6 13. Ng3 Bg6 14.
Nf5 Qd7 15. Be3 Bc5 16. Bxc5 Nxc5 17. N3h4 Rfe8 18. b4 Ne6 19. Qg4 Rad8 20. Rad1 Nf8 21. f4 Qc8 22. Bb3 Qe6 23. Nd4 Nxd4 24. cxd4 Qxg4 25.
hxg4 Be4 26. Rc1 c6 27. Nf5 Ne6 28. Nd6 Rxd6 29. exd6 Nxf4 30. Bc2 Nxg2 31. Rxe4 dxe4 32. Kxg2 Rd8 33. Bxe4 Kf8 34. d5 cxd5 35. Bxd5 Rxd6 36. Bb3 Rd4 37. Rc8+ Ke7 38. Rc7+ Kd6 39. Rxb7 Rxg4+ 40. Kf3 f5 41. b5 Kc5 42. a4 Kb4 43. Bd1 Rd4 44.
Ke2 f4 45. Ke1 Re4+ 46. Kf2 Rd4 47. Be2 Kxa4 48. Rxa7+ Kb4 49. Rxg7 h5 50. b6 Kc5 51.
b7 Rb4 52. Bf3 Rb2+ 53. Kg1 Rb1+ 54. Kg2 Rb2+ 55. Kh3 Rb3 56. Kh4 Kd4 57. Rg8 Ke3 58. b8=Q Rxb8 59. Rxb8 Kxf3 60. Rf8 Ke3 61. Kh3 f3 62.
Kg3 h4+ 63. Kxh4 f2 64. Kg3 1-0

[Event "Early-Titled-Tuesday-Blitz-October-17-2023"]
[Site "Chess.com"]
[Date "2023.10.17"]
[Round "5"]
[White "JuniorJumper"]
[Black "UK_23"]
[Result "1-0"]
[WhiteElo "2565"]
[BlackElo "2422"]
[TimeControl "180+1"]
[EndTime "8:58:59 PDT"]
[Termination "JuniorJumper won by resignation"]

1. d4 d5 2. c4 e6 3. Nc3 Nf6 4. cxd5 exd5 5. Bg5 Be7 6. e3 O-O 7. Qc2 Re8 8. Bd3 h6 9. Bh4 c5 10. dxc5 Nc6 11. Nge2 d4 12. O-O-O dxc3 13. Bh7+ Nxh7 14. Rxd8 Rxd8 15. Bxe7 cxb2+ 16. Qxb2 Nxe7 17. Nf4 Nf6 18. Rd1 Rxd1+ 19. Kxd1 Bg4+ 20. f3 Rd8+ 21. Ke2 Bc8 22. h4 Ned5 23. Nd3 Re8 24. e4 Nc7 25. Kf2 Ne6 26. Qa3 a6 27. Qa4 Bd7 28. Qb4 Bb5 29.
Nb2 Nd7 30. a4 Bc6 31. Nd3 Rd8 32. Ke3 f6 33. Qb3 Kf7 34. Qb4 Ne5 35. Nf2 Rd4 36. Qb3 Rxa4 37. Qd1 Rd4 38. Qa1 Bb5 39. f4 Nc4+ 40. Kf3 Rd2 41. Qc3 Nd4+ 42. Kg4 Rxf2 43. Qxd4 Rxg2+ 44. Kf3 Rd2 45. Qa1 Rd3+ 46. Kf2 h5 47.
Qh1 Rd2+ 48. Kg3 Bc6 49. Qa1 Bxe4 50. Qa4 Rd3+ 51. Kf2 Rf3+ 52. Ke1 Bd5 53. Qd7+ Kg6 54. Qxd5 Rc3 55. Qe4+ Kf7 56. Qxb7+ Kg6 57. c6 Nd6 58. Qb1+ f5 59. Qb6 Ne4 60. c7+ Nf6 61. Qb7 Re3+ 62. Kf2 Ng4+ 63. Kf1 Rf3+ 64. Qxf3 Nh2+ 65. Kg2 Nxf3 66.
Kxf3 1-0

[Event "Early-Titled-Tuesday-Blitz-October-17-2023"]
[Site "Chess.com"]
[Date "2023.10.17"]
[Round "5"]
[White "bazar-wokzal"]
[Black "santosalberto1987"]
[Result "1-0"]
[WhiteElo "2569"]
[BlackElo "2435"]
[TimeControl "180+1"]
[EndTime "8:59:02 PDT"]
[Termination "bazar-wokzal won by resignation"]

1. e4 e6 2. c4 d5 3. cxd5 exd5 4. Qb3 dxe4 5. Bc4 Qe7 6. Nc3 Nf6 7. d3 exd3+ 8. Be3 g6 9. O-O-O Bg7 10. Bg5 O-O 11.
Nf3 Nc6 12. Rhe1 Qc5 13. Bxf6 Na5 14. Qb5 Qxb5 15. Bxb5 Bxf6 16. Rxd3 Bf5 17. Rd5 c6 18. Rxf5 gxf5 19. Bd3 Rfe8 20. Rxe8+ Rxe8 21. Bxf5 Nc4 22. Ne4 Bxb2+ 23. Kc2 Bg7 24. Nc5 b5 25. a4 Re2+ 26. Kd3 Rxf2 27. Bd7 Rd2+ 28. Nxd2 Nxd2 29. Kxd2 bxa4 30. Nxa4 Bd4 31. Bxc6 Kg7 32. Kd3 Bg1 33. h3 Kg6 34. Ke4 Kg5 35. Kf3 Bd4 36. Be8 f5 37. g3 Kf6 38. Bd7 Kg5 39. Bb5 Kf6 40.
Bd3 Kg5 41. Bc2 h6 42. Ke2 h5 43. Bd1 h4 44. Kf3 hxg3 45. Kxg3 Kh6 46. Kf4 Kg6 47. Bc2 Kh5 48. Bxf5 Kh6 49. Ke4 Bb6 50. Nc3 a5 51. Bd7 Bc7 52. Nd5 Bd8 53. Kf5 Kh5 54. Kf4 Kh4 55.
Kf3 a4 56. Ne3 a3 57. Ng2+ Kh5 58. Be6 Bc7 59. Ba2 Bb8 60. Ne3 Kh4 61. Kg2 Ba7 62.
Nf5+ Kg5 63. Nd6 Kh4 64. Nf5+ Kg5 65. Ng3 Kh4 66. Nf1 Bc5 67. Nd2 Bd6 68. Nf3+ Kh5 69.
Bf7+ Kh6 70. h4 Kg7 71. Ba2 Kh6 72. Kh3 Be7 73. Kg4 Bd8 74. h5 Bc7 75. Nd4 Bd6 76.
Nf5+ Kh7 77. Nxd6 Kh6 78. Nf5+ 1-0

[Event "Early-Titled-Tuesday-Blitz-October-17-2023"]
[Site "Chess.com"]
[Date "2023.10.17"]
[Round "5"]
[White "Sokoloco"]
[Black "esrosenberg"]
[Result "1-0"]
[WhiteElo "2706"]
[BlackElo "2405"]
[TimeControl "180+1"]
[EndTime "8:59:12 PDT"]
[Termination "Sokoloco won by resignation"]

1. b3 d5 2. Bb2 c6 3. e3 Nf6 4.
d4 Bf5 5. Bd3 e6 6. Nf3 Nbd7 7.
Ne5 Be7 8. Nd2 O-O 9. O-O Bxd3 10. cxd3 Nxe5 11. dxe5 Nd7 12. f4 Qb6 13. Qe2 f6 14. Nf3 fxe5 15. Nxe5 Nxe5 16. Bxe5 a5 17. Rab1 Rf7 18.
Bd4 Bc5 19. Bxc5 Qxc5 20. d4 Qa3 21. Rfc1 Raf8 22. Qd2 h6 23. Rc5 Ra8 24. g3 Qb4 25. Qc3 Qxc3 26. Rxc3 Kh7 27. a4 Kg6 28. Kf2 Kf5 29.
Kf3 h5 30. h3 g5 31. g4+ Kg6 32. gxh5+ Kxh5 33. Rg1 gxf4 34. exf4 Raf8 35. Rg4 Rf5 36. Re3 R8f6 37. Re1 Rg6 38. Rxg6 Kxg6 39. Rxe6+ Kf7 40.
Rh6 Kg7 41. Rd6 Rf7 42. h4 Re7 43. h5 Re4 44. Kg4 Rxd4 45. Kg5 Rd3 46. Rd7+ Kg8 47. Rxb7 d4 48. f5 Rg3+ 49. Kf6 d3 50. Rd7 c5 51. h6 Rh3 52. h7+ Kh8 53. Kg5 Rg3+ 54. Kf4 Rg7 55. Rxd3 Kxh7 56. Rc3 Rc7 57. Ke5 Kg7 58.
Kd6 Rb7 59. Rxc5 Rxb3 60. Rxa5 Kf6 61. Kc6 Ra3 62. Kb5 Ra1 63. Kb4 Rb1+ 64. Ka3 Ra1+ 65. Kb3 Rb1+ 66. Ka2 Rh1 67. Rd5 Rh2+ 68. Kb3 Rh1 69.
a5 Rb1+ 70. Kc4 Ra1 71. Kb5 Rb1+ 72. Kc6 Ra1 73. Kb6 Rb1+ 74. Rb5 Rd1 75. a6 Rd6+ 76. Ka5 Rd1 77. a7 Ra1+ 78. Kb6 1-0

[Event "Early-Titled-Tuesday-Blitz-October-17-2023"]
[Site "Chess.com"]
[Date "2023.10.17"]
[Round "5"]
[White "diamonds13"]
[Black "jeetjain"]
[Result "0-1"]
[WhiteElo "2285"]
[BlackElo "2570"]
[TimeControl "180+1"]
[EndTime "8:59:17 PDT"]
[Termination "jeetjain won on time"]

1. d4 c6 2. c4 g6 3. e4 Bg7 4.
Be3 d5 5. cxd5 cxd5 6. e5 Nc6 7. Bb5 Nh6 8. Bxh6 Bxh6 9. Nc3 O-O 10. Nge2 a6 11. Bxc6 bxc6 12. f4 f6 13. O-O a5 14.
Na4 Ba6 15. Nc5 Qc8 16. e6 f5 17. Nc1 Bg7 18. Rf2 Rb8 19. b3 Rb4 20. Rd2 Rf6 21. a3 Rb8 22. Qe1 Ra8 23. Na2 Rf8 24. Nc3 Rd8 25. b4 Qc7 26. g3 Bc4 27.
Rb1 axb4 28. axb4 Rdb8 29. Qc1 Ra7 30. h4 Rba8 31. h5 gxh5 32. Rh2 Bxd4+ 33. Kh1 Ra3 34. Qd1 Bg7 35. Qxh5 h6 36. Qf7+ Kh8 37. Qg6 Ra1 38.
Rxh6+ Bxh6 39. Qxh6+ Kg8 40. Qg6+ Kh8 41. Qh6+ Kg8 42.
Qg5+ Kh7 43. Qxf5+ Kg7 44. Qg5+ Kf8 45. Qh6+ Kg8 46.
Qg6+ Kh8 47. Qh6+ Kg8 48. Nd7 Rxb1+ 49. Nxb1 Bd3 50. Qg5+ Kh7 51. Qxe7+ Kh6 52. Qf6+ Kh7 53. Qf7+ Kh6 54. Qf6+ Kh7 55. Qh4+ Kg7 56. Qg5+ Kh7 57.
Nf6+ Kh8 58. Qh6+ Bh7 59. g4 Qg7 60. Qxg7+ Kxg7 61. Nxh7 Kxh7 0-1

[Event "Early-Titled-Tuesday-Blitz-October-17-2023"]
[Site "Chess.com"]
[Date "2023.10.17"]
[Round "5"]
[White "CraiggoryC"]
[Black "maurovargas01"]
[Result "0-1"]
[WhiteElo "2211"]
[BlackElo "1914"]
[TimeControl "180+1"]
[EndTime "8:59:17 PDT"]
[Termination "maurovargas01 won by checkmate"]

1. e4 c6 2. d4 d5 3. e5 Bf5 4.
Nf3 e6 5. Be2 c5 6. Be3 cxd4 7.
Nxd4 Nc6 8. Nxf5 exf5 9. Bb5 Bb4+ 10. c3 Ba5 11. O-O Ne7 12. Bc5 O-O 13. Re1 Bc7 14.
Nd2 a6 15. Bxc6 bxc6 16. Nf3 Ng6 17. Bxf8 Qxf8 18. Qd3 f4 19. Qf5 Re8 20. h4 Qe7 21. h5 Nf8 22. Qxf4 f6 23. h6 fxe5 24. Qg5 Qxg5 25.
Nxg5 gxh6 26. Nf3 Ng6 27. b4 Nf4 28. Rad1 Kf7 29. g3 Nh3+ 30. Kg2 Ng5 31. Nxg5+ hxg5 32. Rh1 Kg6 33. g4 h6 34. Rh5 Rh8 35. Rdh1 e4 36.
R5h3 Bb6 37. Rc1 Rf8 38. Rc2 a5 39. a3 a4 40. c4 d4 41. c5 Bc7 42. Rc4 Be5 43.
Rh1 Rf4 44. Kh3 Rf3+ 45. Kg2 Rf4 46. Re1 Rxg4+ 47. Kf1 Rf4 48. Re2 e3 49. Ke1 exf2+ 50. Rxf2 Rxf2 51. Kxf2 Kf5 52. Kf3 g4+ 53. Kg2 h5 54.
Rc1 h4 55. Rf1+ Kg5 56. Re1 h3+ 57. Kh1 Bf4 58. Re4 Be3 59. Re5+ Kf4 60. Re6 g3 61.
Rf6+ Kg4 62. Rxc6 g2+ 63. Kh2 Bf4+ 64. Kg1 Kg3 65. Rg6+ Kf3 66. Rh6 h2+ 67. Rxh2 Bxh2+ 68. Kxh2 Kf2 69. Kh3 g1=Q 70. Kh4 Kf3 71. Kh5 Kf4 72. Kh6 Kf5 73. Kh7 Kf6 74. Kh8 Qg7# 0-1